 Dungeon Sprint DCSS version 0.29-a0-284-gf9362112df (webtiles) character file.

Game seed: 10064960289077629240

30 garrulousMonolith the Covered (level 3, -9/30 HPs)
             Began as a Demonspawn Fighter on Mar 23, 2022.
             Was an Initiate of Yredelemnul.
             Mangled by an ice beast (13 damage)
             ... in the Dungeon (Sprint VII: "The Pits").
             The game lasted 00:02:14 (476 turns).

garrulousMonolith the Covered (Demonspawn Fighter)   Turns: 476, Time: 00:02:15

Health: -9/30      AC: 13    Str: 16    XL:     3   Next: 3%
Magic:  1/3        EV:  5    Int: 11    God:    Yredelemnul [......]
Gold:   0          SH:  4    Dex: 12    Spells: 2/2 levels left

rFire   . . .      SeeInvis .   r - +2 trident (vorpal)
rCold   . . .      Faith    .   c - +0 buckler
rNeg    . . .      Spirit   .   q - +2 plate armour
rPois   .          Reflect  .   (no helmet)
rElec   .          Harm     .   (no cloak)
rCorr   .          Rampage  .   (no gloves)
Will    .....      NoTele   +   (no boots)
Stlth   ..........              (no amulet)
HPRegen 0.10/turn               (no ring)
MPRegen 0.08/turn               (no ring)

@: no status effects
A: claws 1
a: Renounce Religion, Recall Undead Harvest


You were in the Dungeon.
You worshipped Yredelemnul.
Yredelemnul was noncommittal.
You visited 1 branch

Inventory:

Hand Weapons
 a - a +0 dagger of electrocution
 r - a +2 vorpal trident (weapon)
Missiles
 m - 10 stones (quivered)
Armour
 c - a +0 buckler (worn)
 q - a +2 plate armour (worn)
Scrolls
 j - a scroll of blinking
 n - 5 scrolls of amnesia
 o - a scroll of summoning
 p - 2 scrolls of vulnerability
Potions
 d - a potion of might
 e - 6 potions of curing
 f - 4 potions of heal wounds
 g - a potion of haste
 h - 4 potions of magic
 i - 3 potions of berserk rage
 l - 2 potions of invisibility


   Skills:
 + Level 3.7 Fighting
 * Level 3.3 Polearms
 * Level 3.9 Armour
 + Level 1.8 Dodging
 + Level 3.4 Shields


You had 2 spell levels left.
You didn't know any spells.
Your spell library was empty.

Dungeon Overview and Level Annotations

Branches:
Dungeon (1/1)

Altars:
Ashenzari
Cheibriados
Dithmenos
Elyvilon
Fedhas
Gozag
Hepliaklqana
Kikubaaqudgha
Makhleb
Nemelex Xobeh
Okawaru
Qazlal
Ru
Sif Muna
Trog
Uskayaw
Vehumet
Wu Jian
Xom
Yredelemnul
Zin
The Shining One
Beogh
Jiyva
Lugonu


Innate Abilities, Weirdness & Mutations

You have sharp fingernails.


Message History

The orc warrior hits you from afar with a +0 trident.
Your ball python zombie closely misses the bat. x2
Things that are here:
a +0 hand axe; a +0 club You feel much better.
The bat hits you but does no damage.
The bat barely misses your ball python zombie.
The bat hits your ball python zombie. The ice beast barely misses you.
The orc warrior hits you but does no damage.
Your ball python zombie bites the bat.
Your ball python zombie grabs the bat.
Your ball python zombie constricts the bat.
You hit the ice beast.
The ice beast is lightly wounded.
The bat hits you but does no damage. The bat barely misses you.
The bat hits your ball python zombie. The ice beast hits you.
The ice beast freezes you!
The orc warrior hits you from afar with a +0 trident.
* * * LOW HITPOINT WARNING * * *
The bat hits your ball python zombie.
Your ball python zombie barely misses the bat.
Your ball python zombie constricts the bat.
You hit the bat.
You kill the bat!
A black mist starts to gather...
The orc warrior hits you but does no damage.
The orc hits you but does no damage.
The ice beast hits you but does no damage.
The orc hits you but does no damage. The ice beast closely misses you.
The orc warrior hits you from afar with a +0 trident.
* * * LOW HITPOINT WARNING * * *
You swap places.
Your bat zombie hits the orc but does no damage.
Your ball python zombie bites the orc but does no damage.
Your ball python zombie grabs the orc.
Your ball python zombie constricts the orc.
Your bat zombie hits the orc but does no damage.
The ice beast hits you.
* * * LOW HITPOINT WARNING * * *
The ice beast freezes you!
You die...
Your body rises from the dead as a mindless zombie.

#.#..#..#..##.....
#.#.Z'..)..#####'#
#.##'####'###.....
#.#.Z.Z....##.....
#.#........##.....
#.#####'#####...<.
#.#..[[.)..##.....
#Z#...)))..##.....
#@###########.....
#ZY.....# ######
#Zoo#...# #...# .#
#.##.# #.. #.. #..
... #.. ..+ ####
##


You could see an orc warrior (ally target), an ice beast, an orc, a friendly bat
zombie, a friendly ball python zombie and a friendly orc zombie.

Vanquished Creatures
  An ufetubus (D)
  3 orcs (D)
  A bat (D)
  A giant cockroach (D)
  A hobgoblin (D)
  4 jackals (D)
  A kobold (D)
  2 quokkas (D)
  2 ball pythons (D)
  2 frilled lizards (D)
18 creatures vanquished.

Vanquished Creatures (collateral kills)
  A rat (D)
1 creature vanquished.

Vanquished Creatures (others)
  A frilled lizard zombie (D)
  3 jackal zombies (D)
  An orc zombie (D)
5 creatures vanquished.

Grand Total: 24 creatures vanquished

Notes
Turn   | Place    | Note
-------+----------+-------------------------------------------
     0 | D        | garrulousMonolith the Demonspawn Fighter began the quest
                  | for the Orb.
     0 | D        | Reached XP level 1. HP: 18/18 MP: 1/1
    50 | D        | Found a bloodstained altar of Trog.
    50 | D        | Found a shimmering blue altar of Sif Muna.
    50 | D        | Found a viscous altar of Jiyva.
    50 | D        | Found a hazy altar of Hepliaklqana.
    50 | D        | Found an opulent altar of Gozag.
    51 | D        | Found a basalt altar of Yredelemnul.
    51 | D        | Found a shimmering altar of Xom.
    51 | D        | Found an ornate altar of the Wu Jian Council.
    51 | D        | Found a sacrificial altar of Ru.
    51 | D        | Found a stormy altar of Qazlal.
    51 | D        | Found an iron altar of Okawaru.
    51 | D        | Found a sparkling altar of Nemelex Xobeh.
    51 | D        | Found a burning altar of Makhleb.
    51 | D        | Found a blossoming altar of Fedhas.
    51 | D        | Found a shadowy altar of Dithmenos.
    51 | D        | Found a snail-covered altar of Cheibriados.
    52 | D        | Found a radiant altar of Vehumet.
    52 | D        | Found a corrupted altar of Lugonu.
    53 | D        | Found a hide-covered altar of Uskayaw.
    53 | D        | Found an ancient bone altar of Kikubaaqudgha.
    53 | D        | Found a broken altar of Ashenzari.
    57 | D        | Became a worshipper of Yredelemnul the Dark
    94 | D        | Reached skill level 1 in Dodging
   235 | D        | Gained mutation: You have sharp fingernails. [demonic
                  | ancestry]
   235 | D        | Reached XP level 2. HP: 24/24 MP: 2/2
   456 | D        | Noticed an ice beast
   456 | D        | Noticed an orc warrior
   464 | D        | Reached * piety under Yredelemnul
   470 | D        | Reached XP level 3. HP: 10/30 MP: 3/3
   476 | D        | Mangled by an ice beast

Illustrated notes

Levels and vault maps discovered:
D:        pitsprint [storerooms_1, entrance_room_1, metal_vault_2, armoury_2,
          mini_pit_1, grid_room_1, main_hall_1, silver_pit, the_coven_3,
          the_vestibule_1, steel_vault_3, golden_pit, hallway_of_sentries,
          crystal_vault_2, iron_vault_2, final_vault]

Skill      XL: |  1  2 |
---------------+-------+-----
Polearms       | 2 3 |  3.3
Armour         | 3 |  3.9
Dodging        | 1 |  1.8
Shields        | 3 |  3.4
Fighting       | |  3.7

Action                   || total
-------------------------++-------
Melee: Trident           ||    54
Invok: Recall Undead Har ||     1
  Use: Potion            ||     2
Armor: Scale mail        ||    23
       Plate armour      ||    31
Dodge: Dodged            ||    40
Block: Buckler           ||    21

Table legend: (Time is in decaauts)
 A = Elapsed time spent in this place.
 B = Non-inter-level travel time spent in this place.
 C = Inter-level travel time spent in this place.
 D = Time resting spent in this place.
 E = Time spent auto-exploring this place.
 F = Levels seen in this place.
 G = Mean time per level.
                   A        B        C        D        E       F      G
               +--------+--------+--------+--------+--------+-----+--------+
         Total |    487 |    484 |      3 |    253 |      0 |   1 |  487.0 |
       Dungeon |    487 |    484 |      3 |    253 |      0 |   1 |  487.0 |
               +--------+--------+--------+--------+--------+-----+--------+

Top non-repeatable levels by time:
       D: 487 daAuts
